[Event "Titled Tuesday Blitz February 01 B 2022"]
[White "Zhigalko, Sergei"]
[Black "Hakobyan, Aram"]
[WhiteFideId "13502956"]
[BlackFideId "13306677"]
[WhiteElo "2662"]
[BlackElo "2557"]
[Result "0-1"]
[Round "07"]
[TimeControl "180+1"]
[Date "2022.02.01"]
[WhiteClock "0:00:01"]
[BlackClock "0:00:03"]

1. e4 c6 2. d4 d5 3. e5 Bf5 4. Nf3 e6 5. Be2 Ne7 6. O-O Nd7 7. Nbd2 Ng6 8. Nb3 f6 9. Ne1 h5 10. f4 h4 11. Nd3 b6 12. Bg4 Ne7 13. Be3 Rc8 14. a4 Kf7 15. a5 Bxg4 16. Qxg4 Nf5 17. Bf2 c5 18. axb6 axb6 19. dxc5 bxc5 20. Ra7 Rc7 21. Rfa1 Kg8 22. exf6 Nxf6 23. Qe2 Ne4 24. Nd2 Nfd6 25. Ra8 Rc8 26. R8a7 Rh6 27. Ne5 Nxf2 28. Qxf2 c4 29. Kh1 Qe8 30. Ndf3 Nf5 31. c3 Bc5 32. Nd4 Ng3+ 33. Kg1 Bxa7 34. Rxa7 Ne4 35. Qe1 Ra8 36. Qa1 Rxa7 37. Qxa7 h3 38. g3 Qh5 39. Ndf3 Rf6 40. Qd7 Nd2 41. Kf2 Nxf3 42. Nxf3 Qf5 43. Qe8+ Rf8 44. Qe7 Qc2+ 45. Ke3 Qe4+ 46. Kf2 Qf5 47. Ng5 e5 0-1


[Site "https://www.chess.com"]

[Event "Titled Tuesday Blitz February 01 B 2022"]
[White "Andreikin, Dmitry"]
[Black "Salinas Herrera, Pablo"]
[WhiteFideId "4158814"]
[BlackFideId "3407128"]
[WhiteElo "2736"]
[BlackElo "2541"]
[Result "1-0"]
[Round "08"]
[TimeControl "180+1"]
[Date "2022.02.01"]
[WhiteClock "0:00:20"]
[BlackClock "0:00:01"]

1. d4 d5 2. c4 c6 3. Nf3 Nf6 4. e3 Bg4 5. h3 Bxf3 6. gxf3 e6 7. Nc3 Nbd7 8. Bd2 Be7 9. Qb3 Qb6 10. O-O-O O-O 11. Kb1 Rfe8 12. f4 Bf8 13. Be2 Qc7 14. Rc1 a6 15. cxd5 exd5 16. Nxd5 Nxd5 17. Qxd5 Nf6 18. Qb3 Rad8 19. Bf3 Qd7 20. Ka1 Rc8 21. h4 Ne4 22. Bxe4 Rxe4 23. Bb4 Bxb4 24. Qxb4 Rce8 25. a3 R4e7 26. h5 Qd5 27. h6 g6 28. Rhg1 Qh5 29. Rh1 Qd5 30. Qc5 Qf3 31. Rh2 f6 32. Qc4+ Kf8 33. Ka2 Qg4 34. Qb3 Qe6 35. Rc5 Kf7 36. Rh1 Rg8 37. d5 cxd5 38. Rxd5 Rc8 39. Rg1 Kf8 40. Rgd1 Kf7 41. e4 Ke8 42. f5 gxf5 43. exf5 Qf7 44. Rg1 Rd7 45. Re1+ Kf8 46. Re6 Rxd5 47. Qxd5 Re8 48. Qd6+ 1-0


[Site "https://www.chess.com"]

[Event "Titled Tuesday Blitz February 01 B 2022"]
[White "Araujo Sanchez, Josue"]
[Black "Zhigalko, Sergei"]
[WhiteFideId "6416896"]
[BlackFideId "13502956"]
[WhiteElo "2357"]
[BlackElo "2662"]
[Result "0-1"]
[Round "08"]
[TimeControl "180+1"]
[Date "2022.02.01"]
[WhiteClock "0:00:01"]
[BlackClock "0:00:02"]

1. d4 Nf6 2. Nf3 e6 3. Bf4 b6 4. e3 Bb7 5. Nbd2 Nh5 6. Bg5 Be7 7. Bxe7 Qxe7 8. a4 a6 9. c3 d6 10. Bd3 Nd7 11. Qe2 c5 12. O-O O-O 13. Rfc1 Rfd8 14. Nc4 g6 15. Ncd2 Ndf6 16. Rab1 e5 17. dxe5 dxe5 18. Bc4 Qe8 19. Ng5 Rd7 20. Ndf3 h6 21. Nh3 Rd6 22. Rd1 Rxd1+ 23. Rxd1 Bxf3 24. Qxf3 e4 25. Qe2 Qxa4 26. g4 Ng7 27. Rd6 b5 28. Rxf6 Qxc4 29. Qxc4 bxc4 30. Nf4 g5 31. Nd5 Ne6 32. Rf5 Rb8 33. Nf6+ Kg7 34. Nxe4 Rxb2 35. Nxc5 Rc2 36. Nxa6 Rxc3 37. Kg2 Rc1 38. Nc5 c3 39. Nxe6+ fxe6 40. Rc5 Kf6 41. Kf3 Rc2 42. h3 Ke7 43. Rc4 Kd6 44. Rc8 Kd5 45. Rc7 Kd6 46. Rc8 Kd7 47. Rc4 Kd6 48. Ke4 Rxf2 49. Rxc3 Rh2 50. Rd3+ Ke7 51. Ke5 Rxh3 52. Ra3 Rg3 53. Ra7+ Kf8 54. e4 Rxg4 55. Kf6 Rf4+ 56. Ke5 h5 57. Rh7 h4 0-1


[Site "https://www.chess.com"]

[Event "Titled Tuesday Blitz February 01 B 2022"]
[White "Beerdsen, Thomas"]
[Black "Svane, Rasmus"]
[WhiteFideId "1030108"]
[BlackFideId "4657101"]
[WhiteElo "2585"]
[BlackElo "2645"]
[Result "0-1"]
[Round "08"]
[TimeControl "180+1"]
[Date "2022.02.01"]
[WhiteClock "0:00:04"]
[BlackClock "0:00:06"]

1. e4 e5 2. Nf3 Nc6 3. Bc4 Bc5 4. O-O Nf6 5. d4 Bxd4 6. Nxd4 Nxd4 7. Bg5 d6 8. f4 Be6 9. Nd2 Qe7 10. c3 Bxc4 11. Nxc4 Ne6 12. fxe5 dxe5 13. Bxf6 gxf6 14. Qa4+ c6 15. Rad1 b5 16. Qa6 Qc5+ 17. Kh1 bxc4 18. Rxf6 O-O 19. Rdf1 Rab8 20. b4 cxb3 21. axb3 Rxb3 22. Qe2 Rxc3 23. Qd2 Qe3 24. Qd1 Qxe4 25. Qh5 Rc2 26. Qh3 Ng7 27. Rxf7 Rd8 28. Qg3 Qg6 29. Qf3 h5 30. Rf6 Qg4 31. Qb3+ Qc4 32. Qb7 Rc1 33. Kg1 Rxf1+ 34. Rxf1 Rf8 35. Re1 Qc3 36. Rd1 Qe3+ 37. Kh1 Qe2 38. Qb3+ Kh8 39. Qb1 e4 40. Re1 Qg4 41. h3 Qg6 42. Rxe4 Rf1+ 43. Qxf1 Qxe4 44. Qa1 Qe7 45. Qc3 c5 46. Qc1 Qe5 47. Qh6+ Kg8 48. Qa6 Qc7 49. Qc4+ Kh8 50. Qc1 c4 51. Qh6+ Kg8 52. Qa6 c3 53. Qa2+ Kh8 54. Qc2 a5 55. g4 hxg4 56. hxg4 Qg3 57. g5 Qh3+ 58. Kg1 Qe3+ 59. Kh1 Qd2 60. Qe4 c2 61. Qh4+ Kg8 62. Qc4+ Kf8 63. Qf4+ Qxf4 0-1


[Site "https://www.chess.com"]

[Event "Titled Tuesday Blitz February 01 B 2022"]
[White "Blohberger, Felix"]
[Black "Lenderman, Aleksandr"]
[WhiteFideId "1632051"]
[BlackFideId "2021285"]
[WhiteElo "2474"]
[BlackElo "2651"]
[Result "0-1"]
[Round "08"]
[TimeControl "180+1"]
[Date "2022.02.01"]
[WhiteClock "0:00:01"]
[BlackClock "0:00:56"]

1. d4 e6 2. Nf3 Nf6 3. Bf4 d5 4. e3 c5 5. c3 Nc6 6. Nbd2 Nh5 7. Bg5 f6 8. Bh4 g6 9. Bd3 Be7 10. O-O O-O 11. Qe2 e5 12. Bb5 e4 13. Ne1 f5 14. Bxe7 Qxe7 15. g3 cxd4 16. cxd4 Bd7 17. Ng2 Qb4 18. Nb3 Nf6 19. Rac1 Rac8 20. Nf4 a6 21. Bxc6 Bxc6 22. Qd2 Qxd2 23. Nxd2 Bb5 24. Rfe1 Kf7 25. b3 g5 26. Ng2 Bd3 27. a3 a5 28. h3 h6 29. Kh2 Ke6 30. Kg1 Kd6 31. Kh2 Rfd8 32. Kg1 Rf8 33. Kh2 Bc2 34. Ra1 Rc3 35. Rec1 Rfc8 36. b4 a4 37. Ne1 Bb3 38. Rxc3 Rxc3 39. Kg1 Nd7 40. Ng2 Nb6 41. Ne1 Kc6 42. Kf1 Bc4+ 43. Kg2 Kb5 44. Kg1 Be2 45. h4 Nc4 46. Nxc4 Kxc4 47. hxg5 hxg5 48. Ra2 Bg4 49. Kg2 Kb3 50. Rd2 Rc1 51. Kf1 b5 52. f3 Bxf3 53. Kf2 Bg4 54. Ng2 Kxa3 0-1


[Site "https://www.chess.com"]

[Event "Titled Tuesday Blitz February 01 B 2022"]
[White "Bluebaum, Matthias"]
[Black "Naroditsky, Daniel"]
[WhiteFideId "24651516"]
[BlackFideId "2026961"]
[WhiteElo "2550"]
[BlackElo "2608"]
[Result "0-1"]
[Round "08"]
[TimeControl "180+1"]
[Date "2022.02.01"]
[WhiteClock "0:00:16"]
[BlackClock "0:01:06"]

1. d4 Nf6 2. c4 g6 3. Nc3 Bg7 4. e4 d6 5. Nf3 O-O 6. Be2 e5 7. Be3 exd4 8. Nxd4 Re8 9. f3 Nc6 10. Qd2 Nh5 11. O-O-O Nf4 12. Nxc6 Nxe2+ 13. Nxe2 bxc6 14. Bd4 f6 15. h4 Be6 16. Qc2 Qe7 17. h5 c5 18. Be3 f5 19. hxg6 hxg6 20. Bd2 fxe4 21. fxe4 Bg4 22. Nc3 Bxd1 23. Qxd1 Qe6 24. Qe1 Qg4 25. Qg1 Re5 26. Nd5 Rxe4 27. Bc3 Rae8 28. Qf2 Qg5+ 29. Kb1 Re2 30. Qf3 Qf5+ 31. Qxf5 gxf5 32. Bxg7 Re1+ 33. Rxe1 Rxe1+ 34. Kc2 Kxg7 35. Nf4 c6 36. g3 Kf6 37. Kd3 Kg5 38. Kd2 Re4 39. Nh3+ Kg4 40. Nf2+ Kf3 41. Nxe4 fxe4 0-1


[Site "https://www.chess.com"]

[Event "Titled Tuesday Blitz February 01 B 2022"]
[White "Boros, Denes"]
[Black "Postnikov, Daniil"]
[WhiteFideId "722340"]
[BlackFideId "4166329"]
[WhiteElo "2464"]
[BlackElo "2261"]
[Result "1-0"]
[Round "08"]
[TimeControl "180+1"]
[Date "2022.02.01"]
[WhiteClock "0:00:30"]
[BlackClock "0:00:11"]

1. d4 Nf6 2. Nc3 d5 3. Bf4 g6 4. Qd2 Bg7 5. Bh6 O-O 6. Nf3 Ne4 7. Qe3 Nxc3 8. Bxg7 Kxg7 9. Qxc3 Nd7 10. h4 h5 11. O-O-O Nf6 12. Ne5 Ne4 13. Qe3 c5 14. dxc5 Qa5 15. Rxd5 Nf6 16. Rd4 Qxa2 17. Qa3 Qe6 18. f4 Bd7 19. e4 Bc6 20. Bc4 Qc8 21. Re1 e6 22. Qc3 b6 23. Rd6 Nxe4 24. Rxe4 Bxe4 25. Nd7+ f6 26. Nxf8 Qxc5 27. Nxe6+ 1-0


[Site "https://www.chess.com"]

[Event "Titled Tuesday Blitz February 01 B 2022"]
[White "Dobrov, Vladimir"]
[Black "Sviridov, Valery"]
[WhiteFideId "4136594"]
[BlackFideId "4120680"]
[WhiteElo "2614"]
[BlackElo "2454"]
[Result "0-1"]
[Round "08"]
[TimeControl "180+1"]
[Date "2022.02.01"]
[WhiteClock "0:00:07"]
[BlackClock "0:00:24"]

1. d4 b6 2. e4 Bb7 3. Bd3 e6 4. Nf3 Nf6 5. Nbd2 c5 6. c3 cxd4 7. cxd4 d6 8. O-O Be7 9. Re1 O-O 10. Nf1 Nbd7 11. Ng3 a6 12. h3 Re8 13. Bd2 Bf8 14. a4 Rc8 15. Qe2 Ra8 16. Rac1 Qb8 17. Qe3 e5 18. d5 Nc5 19. Bc2 a5 20. Nh4 g6 21. Nhf5 gxf5 22. Qg5+ Kh8 23. Qxf6+ Bg7 24. Qxf5 Qc7 25. Qh5 Bc8 26. Nf5 Bxf5 27. Qxf5 Rac8 28. Qh5 Qe7 29. Re3 Rg8 30. Rf3 Rcf8 31. Re1 Bf6 32. Bh6 Re8 33. Ree3 Rg6 34. Rg3 Reg8 35. Ref3 Rxg3 36. fxg3 Nd7 37. Bd2 Rg6 38. g4 Kg8 39. Rf5 Nc5 40. g5 Bg7 41. h4 Qa7 42. Be3 Qc7 43. Qf3 Bf8 44. h5 Rg7 45. b3 Nd7 46. Bd3 Nc5 47. Bc4 Qd7 48. Bb5 Qc7 49. Bf2 Qe7 50. Bh4 Qc7 51. Bc6 Qe7 52. g3 Qc7 53. Kg2 Qa7 54. Rf6 Qc7 55. Be8 Qe7 56. Bb5 Qc7 57. Bc6 Be7 58. Rf5 Bf8 59. h6 Rg6 60. Rf6 Rxf6 61. gxf6 Kh8 62. Bg5 Na6 63. Qf5 Nb4 64. Qd7 Qxd7 65. Bxd7 Na6 66. Be8 Kg8 67. Kf3 Nc5 68. Bb5 Nxb3 69. Be3 Nd4+ 0-1


[Site "https://www.chess.com"]

[Event "Titled Tuesday Blitz February 01 B 2022"]
[White "Hakobyan, Aram"]
[Black "Bortnyk, Olexandr"]
[WhiteFideId "13306677"]
[BlackFideId "14120828"]
[WhiteElo "2557"]
[BlackElo "2723"]
[Result "1-0"]
[Round "08"]
[TimeControl "180+1"]
[Date "2022.02.01"]
[WhiteClock "0:00:12"]
[BlackClock "0:00:20"]

1. b3 d5 2. Bb2 Bf5 3. Nf3 e6 4. d3 Nf6 5. Nbd2 h6 6. g3 c6 7. Bg2 Be7 8. e4 Bh7 9. O-O O-O 10. Ne5 Nbd7 11. Qe2 Nxe5 12. Bxe5 Nd7 13. Bb2 Bf6 14. e5 Be7 15. f4 a5 16. a4 b5 17. Kh1 bxa4 18. bxa4 Rb8 19. Bd4 Bc5 20. Bxc5 Nxc5 21. Qf2 Nd7 22. g4 Qb6 23. Qg3 Qd4 24. Nf3 Qc3 25. Rae1 Rb2 26. f5 exf5 27. e6 fxe6 28. g5 f4 29. Qh4 Rxc2 30. Bh3 Nc5 31. gxh6 Qf6 32. hxg7 Rf7 33. Qh5 Qg6 34. Qh4 Nxd3 35. Rxe6 Qxg7 36. Re8+ Rf8 37. Be6+ Kh8 38. Rxf8+ Qxf8 39. Ng5 Nf2+ 40. Rxf2 Rc1+ 41. Kg2 Qg7 42. Bf5 f3+ 43. Rxf3 Rc4 44. Qxh7+ Qxh7 45. Nxh7 Rxa4 46. Ng5 Kg7 47. Ne6+ Kg8 48. Bg6 Rg4+ 49. Rg3 Rxg3+ 50. hxg3 a4 51. Bc2 a3 52. Bb3 Kf7 53. Nd4 Ke7 54. Nxc6+ Kd6 55. Nb4 d4 56. Nd3 Kc6 57. Kf3 Kc7 58. Ke4 Kd7 59. Ba2 Kc6 60. Kxd4 Kb5 61. g4 Ka5 62. g5 Kb5 63. g6 Ka5 64. g7 Kb5 65. g8=Q Ka4 66. Qb3+ Ka5 67. Qb4+ Ka6 68. Nc5+ Ka7 69. Qb7# 1-0


[Site "https://www.chess.com"]

[Event "Titled Tuesday Blitz February 01 B 2022"]
[White "Hess, Robert"]
[Black "Loay, Sameer"]
[WhiteFideId "2022036"]
[BlackFideId "8104239"]
[WhiteElo "2557"]
[BlackElo "2040"]
[Result "1-0"]
[Round "08"]
[TimeControl "180+1"]
[Date "2022.02.01"]
[WhiteClock "0:00:08"]
[BlackClock "0:00:17"]

1. b3 d6 2. Bb2 Nd7 3. e3 Ngf6 4. Ne2 g6 5. d3 Bg7 6. Nd2 O-O 7. c4 e5 8. Qc2 b6 9. O-O-O Bb7 10. Rg1 a5 11. g4 a4 12. b4 a3 13. Bc3 h6 14. h4 d5 15. g5 hxg5 16. hxg5 Nh5 17. Bg2 c6 18. Bf3 d4 19. exd4 exd4 20. Nxd4 Nf4 21. Rg4 Nxd3+ 22. Qxd3 Ne5 23. Qe4 c5 24. Qxb7 Nxg4 25. Nc6 Qd3 26. Ne7+ Kh7 27. Ne4 Rab8 28. Rxd3 Rxb7 29. Nf6+ Nxf6 30. Bxb7 Bh6 31. gxh6 1-0


[Site "https://www.chess.com"]

[Event "Titled Tuesday Blitz February 01 B 2022"]
[White "Ibarra Jerez, Jose Carlos"]
[Black "Paravyan, David"]
[WhiteFideId "2226332"]
[BlackFideId "4194985"]
[WhiteElo "2626"]
[BlackElo "2569"]
[Result "0-1"]
[Round "08"]
[TimeControl "180+1"]
[Date "2022.02.01"]
[WhiteClock "0:00:01"]
[BlackClock "0:00:07"]

1. e4 e5 2. Nf3 Nf6 3. Nxe5 d6 4. Nc4 Nxe4 5. Qe2 Qe7 6. Ne3 c6 7. b3 Qe5 8. c3 Be7 9. g3 d5 10. Bg2 O-O 11. O-O Nf6 12. d4 Qh5 13. Qxh5 Nxh5 14. c4 dxc4 15. bxc4 Nf6 16. Nc3 Bb4 17. Bb2 Na6 18. d5 Bd7 19. Rad1 Rfe8 20. Ne2 Nc5 21. Bxf6 gxf6 22. Nd4 Rac8 23. Ndf5 Ne4 24. Bh3 Kf8 25. Rb1 a5 26. a3 Bxa3 27. Rxb7 Nc5 28. Ra7 Ra8 29. Rxa8 Rxa8 30. Bg2 cxd5 31. Nd4 Bb2 32. Nb5 a4 33. Nxd5 Bc6 34. Nb4 Bxg2 35. Kxg2 a3 36. Na2 Ra4 37. Nd6 Be5 38. Rd1 Bxd6 39. Rxd6 Rxc4 40. Rd8+ Kg7 41. Rc8 Rc2 42. Nb4 Rc4 43. Nd5 a2 44. Ne7 f5 45. Nxf5+ Kf6 46. Nd6 Rc1 0-1


[Site "https://www.chess.com"]

[Event "Titled Tuesday Blitz February 01 B 2022"]
[White "Jobava, Baadur"]
[Black "Nakamura, Hikaru"]
[WhiteFideId "13601520"]
[BlackFideId "2016192"]
[WhiteElo "2617"]
[BlackElo "2850"]
[Result "0-1"]
[Round "08"]
[TimeControl "180+1"]
[Date "2022.02.01"]
[WhiteClock "0:00:06"]
[BlackClock "0:00:13"]

1. e4 g6 2. d4 Bg7 3. c4 d6 4. f4 c5 5. d5 e6 6. Nc3 exd5 7. cxd5 a6 8. Nf3 Bg4 9. Be2 Bxf3 10. Bxf3 Nd7 11. O-O Ne7 12. Kh1 O-O 13. g4 c4 14. Be3 b5 15. e5 f5 16. e6 Nf6 17. g5 Ne4 18. Bxe4 Bxc3 19. bxc3 fxe4 20. Qd4 Qc7 21. Qxe4 Qb7 22. Rad1 Rf5 23. Rd4 Rc8 24. Rfd1 Rc5 25. Kg2 Rcxd5 26. Kf3 Qc6 27. Rxd5 Rxd5 28. Bd4 b4 29. Rb1 a5 30. h4 Qa4 31. Re1 Qxa2 32. Kg4 Qh2 33. Bf6 Nf5 0-1


[Site "https://www.chess.com"]

[Event "Titled Tuesday Blitz February 01 B 2022"]
[White "Jones, Gawain C B"]
[Black "Holt, Conrad"]
[WhiteFideId "409561"]
[BlackFideId "2034387"]
[WhiteElo "2657"]
[BlackElo "2586"]
[Result "0-1"]
[Round "08"]
[TimeControl "180+1"]
[Date "2022.02.01"]
[WhiteClock "0:00:03"]
[BlackClock "0:00:05"]

1. Nf3 d5 2. g3 Bg4 3. Bg2 Nd7 4. O-O e6 5. h3 Bxf3 6. Bxf3 Bd6 7. d3 Ngf6 8. c4 c6 9. Qc2 O-O 10. Bg2 Re8 11. Nd2 Qb6 12. Nf3 e5 13. e4 dxe4 14. dxe4 h6 15. Nh4 Bf8 16. Be3 Bc5 17. Bd2 Nf8 18. b4 Bd4 19. c5 Qc7 20. Rac1 a5 21. a3 axb4 22. axb4 Ra3 23. Nf5 Ne6 24. Kh1 Kh7 25. f4 Nh5 26. Bf3 Nf6 27. Nd6 Rea8 28. Nc4 Ra2 29. Qd3 Rd8 30. Nd6 b6 31. f5 Nxc5 32. bxc5 Bxc5 33. Qc4 Rxd2 34. Nxf7 Re8 35. Rcd1 Rxd1 36. Rxd1 Rf8 37. Nxh6 gxh6 38. Qe6 Kg7 39. Bh5 Qe7 40. Qxc6 Rd8 41. Ra1 Rd6 42. Qa8 Nxh5 43. Ra7 Rd7 44. Rxd7 Qxd7 45. Kg2 Qd2+ 46. Kf3 Qd1+ 47. Kg2 Qe2+ 48. Kh1 Nxg3# 0-1


[Site "https://www.chess.com"]

[Event "Titled Tuesday Blitz February 01 B 2022"]
[White "Kamsky, Gata"]
[Black "Fishbein, Alexander"]
[WhiteFideId "2000024"]
[BlackFideId "2000377"]
[WhiteElo "2645"]
[BlackElo "2442"]
[Result "1-0"]
[Round "08"]
[TimeControl "180+1"]
[Date "2022.02.01"]
[WhiteClock "0:00:29"]
[BlackClock "0:00:02"]

1. d4 Nf6 2. Nf3 g6 3. Bg5 Bg7 4. c3 O-O 5. Nbd2 d5 6. e3 Bf5 7. Be2 Nbd7 8. O-O c5 9. a4 h6 10. Bh4 g5 11. Bg3 Ne4 12. Nxe4 Bxe4 13. Nd2 Bg6 14. Qb3 e6 15. Qxb7 c4 16. b3 cxb3 17. Qxb3 Qa5 18. Rfc1 e5 19. Qb5 Qc7 20. Qxd5 Nb6 21. Qb5 Rfe8 22. a5 Nd7 23. Nc4 Rab8 24. Qd5 Nf6 25. Qd6 Qc8 26. Bxe5 Qf5 27. Bxf6 Bxf6 28. Qg3 Red8 29. h3 h5 30. f4 h4 31. Qf3 gxf4 32. exf4 Rbc8 33. Ne5 Bh7 34. Bd3 Qe6 35. Bxh7+ Kxh7 36. Qh5+ Kg8 37. Kh1 Rd5 38. Qf3 Bxe5 39. fxe5 Rc4 40. Rab1 Qc6 41. Rb8+ Kg7 42. Rf1 Qg6 43. Qxd5 1-0


[Site "https://www.chess.com"]

[Event "Titled Tuesday Blitz February 01 B 2022"]
[White "Kobalia, Mikhail"]
[Black "Janaszak, Dawid"]
[WhiteFideId "4119150"]
[BlackFideId "1119206"]
[WhiteElo "2667"]
[BlackElo "2199"]
[Result "1-0"]
[Round "08"]
[TimeControl "180+1"]
[Date "2022.02.01"]
[WhiteClock "0:01:14"]
[BlackClock "0:00:15"]

1. e4 e5 2. Nf3 Nc6 3. Bb5 a6 4. Ba4 Nf6 5. O-O b5 6. Bb3 Be7 7. d3 O-O 8. Nc3 d6 9. a3 Na5 10. Ba2 c5 11. Bg5 Nc6 12. Bxf6 Bxf6 13. a4 Rb8 14. axb5 axb5 15. Nd5 Be6 16. c3 g6 17. Bb3 Bg7 18. Ra6 Ne7 19. Nxe7+ Qxe7 20. Bxe6 Qxe6 21. Qa1 Bh6 22. Qa5 f5 23. Qc7 Rbd8 24. exf5 gxf5 25. Qxc5 e4 26. Nd4 Qe5 27. Qxe5 dxe5 28. Nc6 Rd6 29. Ne7+ 1-0


[Site "https://www.chess.com"]

[Event "Titled Tuesday Blitz February 01 B 2022"]
[White "Kollars, Dmitrij"]
[Black "Bok, Benjamin"]
[WhiteFideId "12909572"]
[BlackFideId "1017063"]
[WhiteElo "2584"]
[BlackElo "2658"]
[Result "0-1"]
[Round "08"]
[TimeControl "180+1"]
[Date "2022.02.01"]
[WhiteClock "0:00:06"]
[BlackClock "0:00:04"]

1. e4 c5 2. c3 Nf6 3. e5 Nd5 4. Bc4 Nb6 5. Bb3 d6 6. exd6 e6 7. d4 cxd4 8. cxd4 Bxd6 9. Nf3 O-O 10. O-O Bd7 11. Nc3 Bc6 12. Re1 N8d7 13. Qd3 Nf6 14. Bg5 h6 15. Bh4 Re8 16. Bc2 Rc8 17. Rad1 Nbd5 18. Nxd5 Bxd5 19. Ne5 Qc7 20. Bb1 g5 21. Qg3 Nh5 22. Qg4 Nf6 23. Qg3 Nh5 24. Qd3 f6 25. Qg6+ Qg7 26. Qxh5 fxe5 27. Bg3 Rf8 28. h4 gxh4 29. Qxh4 Be7 30. Qh3 exd4 31. Rxe6 Bxe6 32. Qxe6+ Kh8 33. Kh2 Bf6 34. Bd3 Rce8 35. Qh3 Be5 36. Rc1 Rxf2 37. Bxe5 Qxe5+ 38. Kg1 Rf6 39. Kh1 Qe3 40. Rc7 Qxh3+ 41. gxh3 Rf2 42. Kg1 Rxb2 43. Kf1 Rxa2 44. Rh7+ Kg8 45. Rxh6 Rd2 46. Bc4+ Kg7 47. Rh4 Rc8 48. Rg4+ Kf6 49. Be2 Rc1+ 50. Kf2 Rcc2 51. Rf4+ Ke5 52. Rf8 Rxe2+ 53. Kg3 Re3+ 54. Kg4 Kd5 55. Kf4 Kc4 0-1


[Site "https://www.chess.com"]

[Event "Titled Tuesday Blitz February 01 B 2022"]
[White "Kosakowski, Jakub"]
[Black "Vovk, Orest"]
[WhiteFideId "1185080"]
[BlackFideId "14113490"]
[WhiteElo "2476"]
[BlackElo "2203"]
[Result "1-0"]
[Round "08"]
[TimeControl "180+1"]
[Date "2022.02.01"]
[WhiteClock "0:00:28"]
[BlackClock "0:00:05"]

1. f3 g5 2. d4 h6 3. e4 Bg7 4. Nc3 c5 5. Be3 cxd4 6. Bxd4 Bxd4 7. Qxd4 Nf6 8. O-O-O Nc6 9. Qd2 Qa5 10. h4 g4 11. Nge2 d6 12. Nf4 Be6 13. Kb1 a6 14. Be2 gxf3 15. gxf3 Rc8 16. Rhg1 Ne5 17. Nxe6 fxe6 18. f4 Nc4 19. Bxc4 Rxc4 20. Qd3 Qc5 21. e5 Nd5 22. Nxd5 exd5 23. e6 Rxf4 24. a3 Kd8 25. Rg7 Rf2 26. Qg6 d4 27. Rf7 Rxf7 28. exf7 Kc7 29. Qg8 Qh5 30. Rc1 Qe5 31. f8=Q Rxg8 32. Qxg8 d5 33. Qg6 Kc8 34. Qxh6 Qe4 35. Qg5 Kd7 36. h5 e6 37. h6 Qe3 38. Qxe3 dxe3 39. h7 1-0


[Site "https://www.chess.com"]

[Event "Titled Tuesday Blitz February 01 B 2022"]
[White "Kosteniuk, Alexandra"]
[Black "Suarez Uriel, Adrian"]
[WhiteFideId "4128125"]
[BlackFideId "22230874"]
[WhiteElo "2469"]
[BlackElo "2316"]
[Result "1-0"]
[Round "08"]
[TimeControl "180+1"]
[Date "2022.02.01"]
[WhiteClock "0:01:03"]
[BlackClock "0:01:30"]

1. Nf3 Nf6 2. g3 b6 3. Bg2 Bb7 4. d4 g6 5. c4 Bg7 6. Nc3 O-O 7. d5 c6 8. O-O cxd5 9. cxd5 d6 10. e4 Nbd7 11. Nd4 Rc8 12. Nc6 Bxc6 13. dxc6 Rxc6 14. e5 Nxe5 15. Bxc6 Nxc6 16. Bf4 Qa8 17. Qd2 e5 18. Be3 Rd8 19. Nd5 Ng4 20. Rac1 Nxe3 21. fxe3 Nd4 22. Ne7+ Kf8 23. exd4 Kxe7 24. Rc7+ Rd7 25. Rxd7+ Kxd7 26. Rxf7+ Ke6 27. Rxg7 Qe4 28. d5+ Kf6 29. Rc7 Qb1+ 30. Rc1 Qxa2 31. Qf2+ Kg5 32. h4+ Kg4 33. Qe2+ Kh3 34. h5 Qxd5 35. Qh2+ Kg4 36. Qh4+ Kf5 37. Rf1+ Ke6 38. Qf6+ Kd7 39. Qf7+ Qxf7 40. Rxf7+ Ke6 41. Rxh7 gxh5 42. Rxa7 d5 43. Rb7 e4 44. Rxb6+ Ke5 45. Kf2 Kd4 46. Rc6 Kd3 47. b4 d4 48. b5 Kd2 49. Re6 e3+ 50. Kf3 Kc2 51. Rxe3 dxe3 52. Kxe3 1-0


[Site "https://www.chess.com"]

[Event "Titled Tuesday Blitz February 01 B 2022"]
[White "Koutlas, Nikolaos"]
[Black "Cunha, Lucas Aguiar"]
[WhiteFideId "25827138"]
[BlackFideId "2125404"]
[WhiteElo "1610"]
[BlackElo "2361"]
[Result "0-1"]
[Round "08"]
[TimeControl "180+1"]
[Date "2022.02.01"]
[WhiteClock "0:00:02"]
[BlackClock "0:01:03"]

1. e4 c5 2. Nf3 e6 3. d4 cxd4 4. Nxd4 Nc6 5. Nc3 Qc7 6. Be2 a6 7. O-O Nf6 8. Be3 Bb4 9. Nxc6 bxc6 10. Qd4 c5 11. Qd3 Bb7 12. Bf3 c4 13. Qd4 Bd6 14. g3 Be5 15. Qd2 O-O 16. Bd4 Rab8 17. Bg2 Bc6 18. b3 Qa5 19. Rad1 Rfc8 20. f4 Bxd4+ 21. Qxd4 Ba8 22. e5 Bxg2 23. Kxg2 Ng4 24. h3 Nh6 25. Ne4 cxb3 26. cxb3 Nf5 27. Rf2 Nxd4 28. Rxd4 Rc1 29. Rxd7 Qe1 30. g4 0-1


[Site "https://www.chess.com"]

[Event "Titled Tuesday Blitz February 01 B 2022"]
[White "Li, Ben"]
[Black "Al Hosani, Omran"]
[WhiteFideId "2089980"]
[BlackFideId "9308733"]
[WhiteElo "2267"]
[BlackElo "2246"]
[Result "1-0"]
[Round "08"]
[TimeControl "180+1"]
[Date "2022.02.01"]
[WhiteClock "0:00:54"]
[BlackClock "0:00:26"]

1. d4 Nf6 2. c4 e6 3. Nf3 d5 4. Nc3 Be7 5. Bf4 O-O 6. a3 b6 7. e3 Bb7 8. cxd5 exd5 9. Bd3 Nbd7 10. O-O a6 11. Ne5 c5 12. Qf3 Rc8 13. Rad1 c4 14. Bf5 b5 15. Qh3 Rc7 16. Nxd7 Rxd7 17. Bg5 h6 18. Bxf6 Rd6 19. Be5 Rb6 20. Qg3 Rf6 21. Bxf6 Bxf6 22. Bc2 Qb6 23. Qf3 Rd8 24. Rfe1 a5 25. e4 b4 26. axb4 axb4 27. Nxd5 Bxd5 28. exd5 Bxd4 29. Rxd4 Qxd4 30. Qe4 Qxe4 31. Rxe4 b3 32. Bb1 f5 33. Rxc4 Rxd5 34. Rc1 Rd2 35. Bxf5 Rxb2 36. Rb1 Re2 37. Kf1 Re5 38. Bd3 Kf7 39. Rxb3 Kf6 40. f4 Ra5 41. Kf2 g5 42. fxg5+ hxg5 43. Kf3 Ra4 44. Rb6+ Ke5 45. Rb5+ Kf6 46. Rf5+ Ke6 47. Rxg5 Ra3 48. Ke3 Ra4 49. g3 Kf6 50. h4 Ra3 51. Rg6+ Kf7 52. h5 Ra5 53. g4 Rc5 54. h6 Re5+ 55. Kf4 Re1 56. Kg5 Rh1 57. Bf5 Kf8 58. Rg7 Rh2 59. Kg6 Rh1 60. g5 Rh2 61. h7 Rh1 62. Rg8+ Ke7 63. h8=Q Rxh8 64. Rxh8 Kd6 65. Kf6 1-0


[Site "https://www.chess.com"]

[Event "Titled Tuesday Blitz February 01 B 2022"]
[White "Lopez Mulet, Inigo"]
[Black "Corrales Jimenez, Fidel"]
[WhiteFideId "22235620"]
[BlackFideId "3506690"]
[WhiteElo "2315"]
[BlackElo "2541"]
[Result "0-1"]
[Round "08"]
[TimeControl "180+1"]
[Date "2022.02.01"]
[WhiteClock "0:01:17"]
[BlackClock "0:02:08"]

1. c4 e5 2. g3 Nc6 3. Bg2 Nf6 4. Nc3 Bb4 5. Nd5 Nxd5 6. cxd5 Ne7 7. a3 Bd6 8. e3 c6 9. dxc6 dxc6 10. Ne2 O-O 11. O-O Bg4 12. h3 Bh5 13. Re1 Qd7 14. Qc2 Rad8 15. Nc3 f5 16. b4 Ng6 17. Bb2 e4 18. Ne2 Bxe2 19. Rxe2 Be5 20. Rd1 Qd3 21. Qxd3 exd3 22. Ree1 Bxb2 23. a4 Ne5 24. Rb1 Nc4 25. Red1 a6 26. b5 axb5 27. axb5 cxb5 28. Bxb7 Rd6 29. Bg2 Rf7 30. Kf1 g5 31. Ke1 h5 32. Bf3 g4 33. Bg2 Kg7 34. hxg4 hxg4 35. Kf1 Kf6 36. Kg1 Ke5 37. Ba8 Ra7 38. Bg2 b4 39. f4+ gxf3 40. Bxf3 b3 41. Kf2 Ra2 42. g4 Na3 43. gxf5 Nxb1 44. Rxb1 0-1


[Site "https://www.chess.com"]